 Dungeon Crawl Stone Soup version 0.32-a0-612-g1c984fe9d1 (webtiles) character file.

Game seed: 10686229562758603153

51 growler the Charlatan (level 3, -3/28 HPs)
             Began as a Coglin Artificer on Mar 4, 2024.
             Slain by a ribbon worm (8 damage)
             ... on level 2 of the Dungeon.
             The game lasted 00:04:39 (1604 turns).

growler the Charlatan (Coglin Artificer)            Turns: 1604, Time: 00:04:40

Health: -3/28      AC:  4    Str: 14    XL:     3   Next: 83%
Magic:  3/3        EV: 11    Int: 10    God:
Gold:   73         SH:  0    Dex: 14    Spells: 2/2 levels left

rFire   . . .        a - +0 club {Vidar}
rCold   . . .        f - +0 dagger {Miranda}
rNeg    . . .        b - +0 leather armour
rPois   .            (no helmet)
rElec   .            (no cloak)
rCorr   .            g - +0 pair of gloves
SInv    .            (no boots)
Will    .....        (amulet unavailable)
Stlth   +            (ring unavailable)
HPRegen 0.24/turn    (ring unavailable)
MPRegen 0.08/turn    (no gizmo)

%: no passive effects
@: revved
A: off-hand wielding, slow wielding, warmup strikes, no jewellery
a: Invent Gizmo


You were on level 2 of the Dungeon.
You visited 1 branch of the dungeon, and saw 2 of its levels.

You collected 73 gold pieces.

Inventory:

Hand Weapons
 a - a +0 club (weapon) {Vidar}
 f - a +0 dagger (offhand) {Miranda}
Armour
 b - a +0 leather armour (worn)
 g - a +0 pair of gloves (worn)
Wands
 c - a wand of flame (14) (quivered)
 d - a wand of charming (14)
 e - a wand of iceblast (5)
Scrolls
 i - 2 scrolls of teleportation {unknown}
 j - a scroll of noise {unknown}
 k - a scroll of identify {unknown}
 l - a scroll of poison {unknown}
Potions
 m - a potion of heal wounds {unknown}


   Skills:
 + Level 2.5 Fighting
 - Level 1.7 Armour
 - Level 0.8 Dodging
 - Level 0.7 Stealth
 + Level 5.2 Evocations


You had 2 spell levels left.
You didn't know any spells.
Your spell library contained the following spells:

 Spells                   Type           Power      Damage    Failure   Level
 Ensorcelled Hibernation  Hex/Ice        0%         N/A       56%         2
 Fugue of the Fallen      Necr           0%         N/A       80%         3
 Anguish                  Hex/Necr       0%         N/A       99%         4


Dungeon Overview and Level Annotations

Branches:
Dungeon (2/15)

Altars:


Innate Abilities, Weirdness & Mutations

You can wield a second weapon in your off-hand.
It takes a long time for you to wield or remove held weapons.
Your first few attacks do less damage.
You cannot equip rings or amulets.


Message History

The ribbon worm is lightly wounded.
You hit the ribbon worm with your +0 dagger.
The ribbon worm barely misses you.
You hit the ribbon worm but do no damage.
The ribbon worm is lightly wounded.
You hit the ribbon worm with your +0 club.
The ribbon worm barely misses you.
You hit the ribbon worm but do no damage.
The ribbon worm is moderately wounded.
You hit the ribbon worm with your +0 club.
The ribbon worm bites you.
You hit the ribbon worm with your +0 dagger.
The ribbon worm is heavily wounded.
You hit the ribbon worm with your +0 club.
The ribbon worm bites you.
You are too injured to fight recklessly!
You are too injured to fight recklessly!
You hit the ribbon worm but do no damage.
The ribbon worm is severely wounded.
You hit the ribbon worm with your +0 dagger.
You barely miss the ribbon worm with your +0 dagger.
The ribbon worm is severely wounded.
You completely miss the ribbon worm with your +0 club.
The ribbon worm expels a string of sticky webbing.
The stream of webbing hits you but does no damage.
You are caught in a web!
You struggle to detach yourself from the web.
The ribbon worm bites you.
The web tears apart.
The ribbon worm bites you but does no damage.
You hit the ribbon worm with your +0 club.
The ribbon worm is severely wounded.
You barely miss the ribbon worm with your +0 dagger.
The ribbon worm bites you.
* * * LOW HITPOINT WARNING * * *
You completely miss the ribbon worm with your +0 club.
The ribbon worm is severely wounded.
You hit the ribbon worm but do no damage.
The ribbon worm bites you!
You die...

#.#.##..###...####>...###.######
##.#.#.........#######.#........#
.........###.........#.#.#.####.#
##.###...###.#######.#.#.#.#รท....
.............# #.#.#.#...##.#
####################.#.#.##..##.#
!.<..........................##.#
..##################.#.#.##...#.#
......w@..".#.#.####.#..
#############.#......###
#.######## #.# #.# #.#
#.########## #...........
############


You could see a ribbon worm (catching breath).

Vanquished Creatures
  An adder (D:2)
  A ribbon worm (D:2)
  5 endoplasms
  2 goblins
  3 hobgoblins
  6 jackals
  3 kobolds (D:2)
  A quokka (D:2)
  3 ball pythons (D:1)
  5 bats
  4 frilled lizards
  2 rats
36 creatures vanquished.

Notes
Turn   | Place    | Note
-------+----------+-------------------------------------------
     0 | D:1      | growler the Coglin Artificer began the quest for the Orb.
     0 | D:1      | Reached XP level 1. HP: 15/15 MP: 1/1
   128 | D:1      | Reached XP level 2. HP: 11/21 MP: 2/2
   854 | D:2      | Reached XP level 3. HP: 24/27 MP: 3/3
  1063 | D:2      | Reached skill level 5 in Evocations
  1604 | D:2      | Slain by a ribbon worm

Illustrated notes

Levels and vault maps discovered:
D:1:      tarquinn_simple_flora_water_e, layout_basic
D:2:      cheibrodos_helix_gallery, layout_basic, hangedman_decor_riveting

Skill      XL: |  1  2  3 |
---------------+----------+-----
Fighting       | 2 |  2.5
Evocations     | 5 |  5.2
Armour         | |  1.7
Dodging        | |  0.8
Stealth        | |  0.7

Action                     || total
---------------------------++-------
  Melee: Club              ||   148
         Dagger            ||   148
  Evoke: Wand              ||     2
    Use: Potion            ||     1
   Stab: Sleeping          ||     1
 Armour: Leather armour    ||   108
  Dodge: Dodged            ||    97

Table legend: (Time is in decaauts)
 A = Elapsed time spent in this place.
 B = Non-inter-level travel time spent in this place.
 C = Inter-level travel time spent in this place.
 D = Time resting spent in this place.
 E = Time spent auto-exploring this place.
 F = Levels seen in this place.
 G = Mean time per level.
                   A        B        C        D        E       F      G
               +--------+--------+--------+--------+--------+-----+--------+
         Total |   1627 |   1597 |     30 |    166 |    980 |   2 |  813.5 |
       Dungeon |   1627 |   1597 |     30 |    166 |    980 |   2 |  813.5 |
               +--------+--------+--------+--------+--------+-----+--------+

Top non-repeatable levels by time:
     D:2: 1059 daAuts
     D:1: 568 daAuts
